 Dungeon Crawl Stone Soup version 0.21.1-1-g345015f (webtiles) character file.

2638 diana the Severer (level 9, -18/70 HPs)
             Began as a Hill Orc Fighter on May 27, 2018.
             Demolished by an ogre
             ... wielding a +0 giant club
              (28 damage)
             ... on level 6 of the Dungeon.
             The game lasted 00:09:50 (5216 turns).

diana the Severer (Hill Orc Fighter)                Turns: 5216, Time: 00:09:51

Health: -18/70     AC:  9    Str: 22    XL:     9   Next: 61%
Magic:  9/9        EV:  7    Int:  8    God:
Gold:   218        SH:  9    Dex: 10    Spells: 8/8 levels left

rFire    . . .     SeeInvis .   a - +0 war axe
rCold    . . .     Gourm    .   c - +0 shield
rNeg     . . .     Faith    .   b - +0 scale mail
rPois    .         Spirit   .   d - +2 helmet
rElec    .         Reflect  .   (no cloak)
rCorr    .         Harm     .   (no gloves)
MR       .....                  (no boots)
Stlth    ..........             (no amulet)
HPRegen  0.21/turn              (no ring)
MPRegen  0.11/turn              (no ring)

@: drained
A: no striking features
a: no special abilities


You were on level 6 of the Dungeon.
You were not hungry.

You visited 1 branch of the dungeon, and saw 6 of its levels.

You collected 218 gold pieces.

Inventory:

Hand Weapons
 a - a +0 war axe (weapon)
Armour
 b - a +0 scale mail (worn)
 c - a +0 shield (worn)
 d - a +2 helmet (worn)
Jewellery
 g - an uncursed ring of fire {unknown}
 q - an uncursed ring of protection from fire {unknown}
 v - a cursed ring of loudness {unknown}
Wands
 i - a wand of iceblast (7)
Scrolls
 e - a scroll of random uselessness {unknown}
 h - 5 scrolls of teleportation {unknown}
 j - 2 scrolls of magic mapping {unknown}
 m - 5 scrolls of remove curse {unknown}
 n - 2 scrolls of amnesia {unknown}
 p - a scroll of immolation {unknown}
 t - a scroll of enchant armour {unknown}
 u - a scroll of enchant weapon {unknown}
Potions
 k - a potion of degeneration
 l - a potion of cancellation
 o - a potion of curing
 r - a potion of agility
Books
 s - a book of Cantrips

   Spells                             Type                      Level
   a - Confusing Touch                Hexes                        1
   b - Animate Skeleton               Necromancy                   1
   c - Summon Small Mammal            Summoning                    1
   d - Apportation                    Translocation                1
Comestibles
 f - 8 rations


   Skills:
 - Level 3.6(2.8) Fighting
 + Level 15.7(14.6) Axes
 - Level 3.2(2.4) Armour
 - Level 3.2(2.4) Shields


You had 8 spell levels left.
You didn't know any spells.

Dungeon Overview and Level Annotations

Branches:
Dungeon (6/15)             Temple (0/1) D:5

Altars:


Message History

The bullfrog hits you!
* * * LOW HITPOINT WARNING * * *
Things that are here:
an enchanted hand axe; a robe Your shield prevents you from hitting the bullfrog.
The bullfrog is moderately wounded.
The bullfrog barely misses you.
You hit the bullfrog.
The bullfrog is heavily wounded.
The bullfrog hits you but does no damage.
The bullfrog completely misses you. You block the ogre's attack.
You closely miss the bullfrog.
The bullfrog is heavily wounded.
You slash the ogre! The bullfrog barely misses you.
You hit the bullfrog but do no damage.
The bullfrog is heavily wounded.
You hit the ogre.
The bullfrog hits you but does no damage.
The ogre hits you with a giant club!!
You die...

#?.# #..# #..# . #
#?.# ..#. #..# .....
#..# #....)#.O####
......))F@..#
#.....#.....#
#...........########
#..#..#........†...#
.. #..##....######.#
. #. ##.$.# #.# #.
#...# #.# # #...###
#.# ......# #.#


You could see an ogre and a bullfrog.

Vanquished Creatures
  Pikel (D:5)
  Grinder (D:4)
  The ghost of Shutra the Sneak, an amateur OpAs (D:4)
  Sigmund (D:3)
  A black bear (D:6)
  2 sky beasts (D:5)
  4 slaves (D:5)
  A centaur (D:5)
  An ogre (D:4)
  2 phantoms (D:5)
  Blork the orc (D:4)
  A bullfrog (D:6)
  2 scorpions
  4 wights (D:6)
  A howler monkey (D:3)
  2 crimson imps (D:5)
  2 jellies (D:5)
  A gnoll shaman (D:3)
  An orc priest (D:3)
  A hound (D:3)
  4 worker ants
  Ijyb (D:4)
  Terence (D:2)
  A worker ant zombie (D:5)
  Robin (D:2)
  3 gnolls (D:3)
  11 adders
  An ooze (D:4)
  2 adder skeletons
  4 worms
  3 dart slugs
  A leopard gecko (D:1)
  3 orcs (D:3)
  10 bats
  3 giant cockroaches
  24 goblins
  7 hobgoblins
  6 jackals
  6 kobolds
  5 quokkas
  A ball python (D:3)
  5 frilled lizards
  10 rats
144 creatures vanquished.

Notes
Turn   | Place    | Note
-------+----------+-------------------------------------------
     0 | D:1      | diana the Hill Orc Fighter began the quest for the Orb.
     0 | D:1      | Reached XP level 1. HP: 19/19 MP: 1/1
    51 | D:1      | Reached skill level 3 in Axes
   187 | D:1      | Reached XP level 2. HP: 26/26 MP: 2/2
   255 | D:1      | Reached skill level 4 in Axes
   689 | D:1      | Reached XP level 3. HP: 31/31 MP: 3/3
  1028 | D:2      | Reached skill level 5 in Axes
  1034 | D:2      | Noticed Robin
  1051 | D:2      | Killed Robin
  1051 | D:2      | Reached XP level 4. HP: 17/39 MP: 4/4
  1165 | D:2      | Noticed Terence
  1186 | D:2      | Killed Terence
  1186 | D:2      | Reached skill level 6 in Axes
  1869 | D:3      | Reached XP level 5. HP: 45/45 MP: 5/5
  1937 | D:3      | Reached skill level 7 in Axes
  2084 | D:3      | Reached skill level 8 in Axes
  2084 | D:3      | Reached XP level 6. HP: 38/51 MP: 6/6
  2278 | D:3      | Noticed Sigmund
  2298 | D:3      | Killed Sigmund
  2298 | D:3      | Reached skill level 9 in Axes
  2298 | D:3      | Reached XP level 7. HP: 37/57 MP: 7/7
  2904 | D:3      | Reached skill level 10 in Axes
  2934 | D:4      | Noticed Grinder
  3200 | D:4      | Paralysed by Grinder for 3 turns
  3211 | D:4      | Paralysed by Grinder for 5 turns
  3224 | D:4      | Killed Grinder
  3224 | D:4      | Reached skill level 11 in Axes
  3264 | D:4      | Noticed Shutra's ghost (amateur OpAs)
  3290 | D:4      | Killed Shutra's ghost
  3290 | D:4      | Reached XP level 8. HP: 54/64 MP: 8/8
  3447 | D:4      | Reached skill level 12 in Axes
  3458 | D:4      | Noticed Blork the orc
  3467 | D:4      | Killed Blork the orc
  3812 | D:4      | Noticed Ijyb
  3823 | D:4      | Killed Ijyb
  4108 | D:5      | Entered Level 5 of the Dungeon
  4118 | D:5      | Noticed Pikel
  4144 | D:5      | Killed Pikel
  4144 | D:5      | Reached skill level 14 in Axes
  4144 | D:5      | Reached XP level 9. HP: 28/70 MP: 9/9
  4725 | D:5      | Reached skill level 15 in Axes
  5038 | D:5      | Found a staircase to the Ecumenical Temple.
  5216 | D:6      | Demolished by an ogre

Skill      XL: |  1  2  3  4  5  6  7  8  9 |
---------------+----------------------------+-----
Axes           | 3 4 5 6 8 9 11 14 15 | 15.7
Fighting       | |  3.6
Armour         | |  3.2
Shields        | |  3.2

Action                   |  1- 3 |  4- 6 |  7- 9 || total
-------------------------+-------+-------+-------++-------
Melee: War axe           |    76 |   155 |   312 ||   543
  Use: Potion            |     1 |       |     3 ||     4
       Scroll            |       |       |     4 ||     4
  Eat: Chunk             |       |     5 |     3 ||     8
       Ration            |       |       |     2 ||     2
Armor: Scale mail        |    37 |    57 |   108 ||   202
       Skin              |       |       |     9 ||     9
Dodge: Dodged            |    28 |    40 |    74 ||   142
Block: Shield            |    46 |    67 |   118 ||   231
